 Dungeon Crawl Stone Soup version 0.23.2-40-g277498a001 (webtiles) character file.

Game seed: 4834037099579737260

19035 Hylith the Grappler (level 12, -5/122 HPs)
             Began as a Troll Fighter on Sept 23, 2019.
             Was a Priest of Makhleb.
             Slain by a moth of wrath (7 damage)
             ... while petrified by MisterOstroum's ghost
             ... on level 3 of the Lair of Beasts.
             The game lasted 00:21:33 (11922 turns).

Hylith the Grappler (Troll Fighter)                Turns: 11922, Time: 00:21:34

Health: -5/122     AC: 12    Str: 31    XL:     12   Next: 33%
Magic:  14/14      EV:  1    Int:  4    God:    Makhleb [***...]
Gold:   754        SH:  0    Dex:  9    Spells: 11/11 levels left

rFire    . . .     SeeInvis .     - Unarmed
rCold    . . .     Gourm    +   b - +0 shield
rNeg     + + +     Faith    .   J - +0 steam dragon scales
rPois    ∞         Spirit   .   (helmet restricted)
rElec    .         Reflect  .   M - +1 cloak
rCorr    .         Harm     .   (gloves unavailable)
MR       .....                  (boots unavailable)
Stlth    +.........             (no amulet)
HPRegen  0.70/turn              k - ring of positive energy
MPRegen  0.14/turn              C - +4 ring of evasion

@: petrified
A: large, unfitting armour, claws 3, fast metabolism 3, gourmand, regeneration
1, shaggy fur 1, tough skin 3
a: Minor Destruction, Lesser Servant of Makhleb, Renounce Religion


You were on level 3 of the Lair of Beasts.
You worshipped Makhleb.
Makhleb was most pleased with you.
You were very full.

You visited 3 branches of the dungeon, and saw 14 of its levels.

You collected 754 gold pieces.

Inventory:

Hand Weapons
 G - the +8 morningstar "Dothiat" {crush, rPois rF+ Int+6}
   (You found it on level 1 of the Lair of Beasts)

   It inflicts extra damage upon your enemies.
   It affects your intelligence (+6).
   It protects you from fire.
   It protects you from poison.
Missiles
 h - 4 throwing nets (quivered)
 x - 10 tomahawks
Armour
 b - a +0 shield (worn)
 J - +0 steam dragon scales (worn)
 M - a +1 cloak (worn)
Jewellery
 k - a ring of positive energy (left claw)
 n - an uncursed ring of wizardry {unknown}
 q - an uncursed amulet of faith
 C - a +4 ring of evasion (right claw)
 S - the ring of Teutyudgh {*Corrode +Inv rPois rN++ MP+9, unknown}
   (You found it on level 3 of the Lair of Beasts)

   [ring of magical power]

   It protects you from poison.
   It greatly protects you from negative energy.
   It affects your magic capacity (+9).
   It lets you turn invisible.
   It may corrode you when you take damage.
Wands
 a - a wand of clouds (4)
 l - a wand of disintegration (7)
 v - a wand of random effects (27)
 y - a wand of flame (41)
 A - a wand of paralysis (27)
 I - a wand of iceblast (5)
 K - a wand of acid (4)
Scrolls
 e - 2 scrolls of teleportation
 f - 10 scrolls of remove curse
 g - 2 scrolls of noise
 i - 6 scrolls of enchant armour
 o - a scroll of fog
 s - 3 scrolls of amnesia
 u - 11 scrolls of identify
 w - a scroll of magic mapping
 B - a scroll of immolation {unknown}
 D - a scroll of enchant weapon
 H - 3 scrolls of blinking
 N - a scroll of fear
Potions
 c - 3 potions of might
 j - a potion of ambrosia {unknown}
 m - 3 potions of curing
 p - 3 potions of agility
 r - a potion of cancellation {unknown}
 t - a potion of brilliance {unknown}
 z - 2 potions of berserk rage
 E - 3 potions of heal wounds
 F - 2 potions of lignification {unknown}
 L - 2 potions of resistance {unknown}
 O - a potion of magic {unknown}
 P - a potion of haste
 Q - 2 potions of flight {unknown}
 R - a potion of invisibility {unknown}
Comestibles
 d - 26 rations


   Skills:
 + Level 8.5 Fighting
 + Level 4.7 Armour
 - Level 3.0 Dodging
 - Level 9.0 Shields
 + Level 12.1 Unarmed Combat
 - Level 5.0 Evocations


You had 11 spell levels left.
You didn't know any spells.
Your spell library contained the following spells:

 Spells                   Type           Power        Failure   Level  Hunger
 Freeze                   Ice            #...         50%         1    ##.....
 Summon Small Mammal      Summ           #...         50%         1    ##.....
 Call Imp                 Summ           #.......     65%         2    ###....
 Throw Frost              Conj/Ice       #.....       65%         2    ###....
 Call Canine Familiar     Summ           #.......     86%         3    ####...
 Ozocubu's Armour         Chrm/Ice       #.......     86%         3    ####...
 Summon Guardian Golem    Hex/Summ       #.......     86%         3    ####...
 Summon Ice Beast         Ice/Summ       #.......     99%         4    #####..
 Summon Lightning Spire   Summ/Air       #.......     99%         4    #####..
 Throw Icicle             Conj/Ice       #.......     99%         4    #####..
 Bolt of Magma            Conj/Fire/Erth #.........   100%        5    ######.
 Iskenderun's Battlesphe  Conj/Chrm      #.......     100%        5    ######.
 Venom Bolt               Conj/Pois      #.........   100%        5    ######.
 Iron Shot                Conj/Erth      #.........   100%        6    #######
 Orb of Destruction       Conj           #.........   100%        7    #######
 Spellforged Servitor     Conj/Summ      #.........   100%        7    #######


Dungeon Overview and Level Annotations

Branches:
Dungeon (10/15)            Temple (1/1) D:4            Lair (3/6) D:8
  Snake (0/4) Lair:2
  Swamp: Lair:2-4    Shoals: Lair:2-4       Orc: D:9-12

Altars:
Ashenzari
Cheibriados
Dithmenos
Elyvilon
Fedhas
Gozag
Hepliaklqana
Kikubaaqudgha
Makhleb
Nemelex Xobeh
Okawaru
Qazlal
Ru
Sif Muna
Trog
Uskayaw
Vehumet
Wu Jian
Xom
Yredelemnul
Zin
The Shining One

Shops:
D:5 =   D:8 ?   D:10 %(:*

Annotations:
Lair:3 1 transporter


Innate Abilities, Weirdness & Mutations

You are too large for most types of armour.
You have claws for hands.
Your metabolism is lightning-fast.
You like to eat raw meat.
Your natural rate of healing is unusually fast.
You are covered in fur. (AC +1)
You have extremely tough skin. (AC +3)


Message History

The spriggan berserker is engulfed in freezing vapours.
The spriggan berserker hits you with the +8 rapier of Sunlight {freeze, +Blink Str+4}!
The spriggan berserker freezes you.
The spriggan berserker is engulfed in freezing vapours.
The spriggan berserker hits you with the +8 rapier of Sunlight {freeze, +Blink Str+4}!!
The spriggan berserker freezes you! The moth of wrath bites you!
The spriggan rider hits you from afar with the +1 trident of the People {pierce, *Noise rC+++ Str-2 Dex+6}!
* * * LOW HITPOINT WARNING * * *
x2 The spriggan berserker hits you with the +8 rapier of Sunlight {freeze, +Blink Str+4}!!!
* * * LOW HITPOINT WARNING * * *
The spriggan berserker freezes you.
The moth of wrath bites you but does no damage.
The spriggan rider hits you from afar with the +1 trident of the People {pierce, *Noise rC+++ Str-2 Dex+6}!
* * * LOW HITPOINT WARNING * * *
x2 The spriggan berserker hits you with the +8 rapier of Sunlight {freeze, +Blink Str+4}!
* * * LOW HITPOINT WARNING * * *
The spriggan berserker freezes you.
* * * LOW HITPOINT WARNING * * *
The moth of wrath bites you!
You die...

.............#####...........#..#
...........###..$###............#
..........###....i.##.#.P#.......
..........####.i...##...........#
.........##.#○#§######...........
.........#..##§☼§≈#..#..........#
.........#©...§§i##..#...P.......
.........#.y##.§i....#)..........
.........##.##≈#@...##...........
#....###..#..##y....#...#P.......
......###.###......##.......##..#
....####...###.©.###.......####.#
..=..###.....#####.......P.# #.#
....#..###.....©...P####.P.####.#
...................## ###..#.#.#
................#.## ##..##..P
....#.#..##...##### #?.####.#


You could see a spriggan rider, a spriggan berserker (berserk), a moth of wrath
and a spriggan.

Vanquished Creatures
  The ghost of MisterOstroum the Geomancer, a journeyman GrEE of Xom (Lair:3)
  Harold (D:8)
  2 hydras
  Urug (Lair:2)
  Sonja (Lair:2)
  An unseen horror (D:10)
  A cyclops (D:9)
  A centaur zombie (D:10)
  A guardian serpent (Lair:2)
  2 black mambas
  A moth of wrath (Lair:3)
  3 spiny frogs
  The ghost of chimenez the Slasher, a novice OpFi (D:5)
  3 komodo dragons
  2 hornets (D:10)
  Grinder (D:4)
  8 blink frogs
  A hippogriff (D:7)
  Eustachio (D:4)
  2 spriggans (Lair:3)
  Sigmund (D:2)
  9 yaks
  A wyvern (Lair:1)
  2 steam dragons (D:9)
  A soldier ant (D:10)
  7 water moccasins
  3 orc warriors
  6 porcupines
  An ice beast (D:5)
  2 black bears
  3 phantoms
  A necrophage (D:7)
  3 ogres
  A centaur (D:9)
  3 wolves (Lair:2)
  5 crocodiles
  Blork the orc (D:4)
  10 bullfrogs
  A wyvern zombie (D:8)
  6 scorpions (D:4)
  3 electric eels (Lair:1)
  A howler monkey (D:5)
  2 bullfrog zombies
  5 crimson imps
  A jelly (D:6)
  3 hounds
  2 quasits (D:9)
  Crazy Yiuf (D:6)
  5 orc priests
  7 orc wizards
  Jessica (D:3)
  Natasha (twice) (D:3)
  An iguana (D:5)
  13 worker ants
  Robin (D:4)
  5 gnolls
  12 adders
  2 shadow imps
  An adder skeleton (D:8)
  2 dart slugs
  35 orcs
  A ball python (D:7)
  15 bats
  10 giant cockroaches
  18 goblins
  13 hobgoblins
  8 jackals
  9 kobolds
  4 quokkas
  3 frilled lizards
  A quokka zombie (D:8)
  11 rats
300 creatures vanquished.

Vanquished Creatures (others)
  2 fungi
  A plant (Lair:1)
3 creatures vanquished.

Grand Total: 303 creatures vanquished

Notes
Turn   | Place    | Note
-------+----------+-------------------------------------------
     0 | D:1      | Hylith the Troll Fighter began the quest for the Orb.
     0 | D:1      | Reached XP level 1. HP: 22/22 MP: 0/0
    49 | D:1      | Reached XP level 2. HP: 29/29 MP: 1/1
   220 | D:1      | Reached XP level 3. HP: 36/36 MP: 2/2
  1179 | D:2      | Reached skill level 3 in Unarmed Combat
  1183 | D:2      | Noticed Sigmund
  1194 | D:2      | Killed Sigmund
  1194 | D:2      | Reached XP level 4. HP: 29/45 MP: 3/3
  1194 | D:2      | Reached XP level 5. HP: 34/53 MP: 4/4
  1913 | D:3      | Noticed Natasha
  1920 | D:3      | Killed Natasha
  1920 | D:3      | Reached skill level 4 in Unarmed Combat
  2149 | D:3      | Reached XP level 6. HP: 61/61 MP: 5/5
  2158 | D:3      | Noticed Natasha
  2184 | D:3      | Killed Natasha
  2309 | D:3      | Noticed Jessica
  2323 | D:3      | Killed Jessica
  2470 | D:4      | Noticed Eustachio
  2502 | D:4      | Killed Eustachio
  2502 | D:4      | Reached XP level 7. HP: 51/67 MP: 6/6
  2589 | D:4      | Reached skill level 5 in Unarmed Combat
  2701 | D:4      | Found a staircase to the Ecumenical Temple.
  2702 | D:4      | Noticed Blork the orc
  2720 | D:4      | Killed Blork the orc
  2737 | Temple   | Entered the Ecumenical Temple
  3102 | D:4      | Noticed Robin
  3113 | D:4      | Killed Robin
  3171 | D:4      | Noticed Grinder
  3177 | D:4      | Killed Grinder
  3177 | D:4      | Reached skill level 5 in Shields
  3410 | D:4      | Reached skill level 6 in Unarmed Combat
  3410 | D:4      | Reached XP level 8. HP: 78/78 MP: 7/7
  3876 | D:5      | Entered Level 5 of the Dungeon
  3877 | D:5      | Found a transporter.
  3979 | D:5      | Found a stormy altar of Qazlal.
  4169 | D:5      | Found Piewigox's Jewellery Emporium.
  4172 | D:5      | Reached skill level 7 in Unarmed Combat
  4450 | D:5      | Noticed chimenez's ghost (novice OpFi)
  4601 | D:5      | Found a transporter.
  4621 | D:5      | Killed chimenez's ghost
  4622 | D:5      | Reached XP level 9. HP: 33/87 MP: 8/8
  4797 | D:6      | Reached skill level 5 in Fighting
  5149 | D:6      | Found a runed translucent door.
  5150 | D:6      | Noticed Crazy Yiuf
  5235 | D:6      | Killed Crazy Yiuf
  5452 | D:7      | Reached skill level 8 in Unarmed Combat
  5617 | D:7      | Found an opulent altar of Gozag.
  6273 | D:7      | Found a burning altar of Makhleb.
  6281 | D:7      | Became a worshipper of Makhleb the Destroyer
  6449 | D:9      | Noticed a cyclops
  6470 | D:9      | Killed a cyclops
  6470 | D:9      | Reached skill level 9 in Unarmed Combat
  6818 | D:8      | Found Zuhirghi's Magic Scroll Shop.
  7051 | D:8      | Found a staircase to the Lair.
  7078 | D:8      | Found a basalt altar of Yredelemnul.
  7089 | D:8      | Reached * piety under Makhleb
  7104 | D:8      | Noticed Harold
  7121 | D:8      | Killed Harold
  7121 | D:8      | Reached skill level 1 in Evocations
  7121 | D:8      | Reached XP level 10. HP: 66/98 MP: 9/9
  7478 | D:9      | Found a sacrificial altar of Ru.
  7571 | D:9      | Found a deep blue altar of Sif Muna.
  7574 | D:9      | Found a glowing silver altar of Zin.
  7577 | D:9      | Found an ancient bone altar of Kikubaaqudgha.
  7900 | D:9      | Found an ornate altar of the Wu Jian Council.
  8023 | D:9      | Found a hazy altar of Hepliaklqana.
  8254 | D:10     | Entered Level 10 of the Dungeon
  8254 | D:10     | Found Juzoh's Book Boutique.
  8280 | D:10     | Found Viucs's Weapon Emporium.
  8390 | D:10     | Reached skill level 10 in Unarmed Combat
  8433 | D:10     | Found Xusame Esky's Food Shop.
  8658 | D:10     | Found Bonytipe's General Store.
  8721 | D:10     | Killed an unseen horror
  8870 | D:10     | Paralysed by a hornet for 3 turns
  9029 | Lair:1   | Entered Level 1 of the Lair of Beasts
  9249 | Lair:1   | Reached ** piety under Makhleb
  9418 | Lair:1   | Noticed a spiny frog
  9426 | Lair:1   | Killed a spiny frog
  9426 | Lair:1   | Reached XP level 11. HP: 96/107 MP: 12/12
  9516 | Lair:1   | Got an ivory morningstar
  9517 | Lair:1   | Identified the +8 morningstar "Dothiat" {crush, rPois rF+
                  | Int+6} (You found it on level 1 of the Lair of Beasts)
  9594 | Lair:1   | Reached skill level 1 in Armour
  9805 | Lair:1   | Reached skill level 11 in Unarmed Combat
  9897 | Lair:1   | Found the +8 whip "Snakebite" {curare, rPois}
 10023 | Lair:2   | Found a staircase to the Snake Pit.
 10135 | Lair:2   | Noticed a six-headed hydra
 10151 | Lair:2   | Killed a six-headed hydra
 10245 | Lair:2   | Noticed Urug
 10266 | Lair:2   | Killed Urug
 10394 | Lair:2   | Reached *** piety under Makhleb
 10707 | Lair:2   | Noticed Sonja
 10722 | Lair:2   | Killed Sonja
 11076 | Lair:3   | Found a transporter.
 11087 | Lair:3   | Noticed a seven-headed hydra
 11103 | Lair:3   | Killed a seven-headed hydra
 11103 | Lair:3   | Reached XP level 12. HP: 59/119 MP: 14/14
 11266 | Lair:3   | Identified the +8 rapier of Sunlight {freeze, +Blink Str+4}
 11327 | Lair:3   | Identified the +1 trident of the People {pierce, *Noise
                  | rC+++ Str-2 Dex+6}
 11330 | Lair:3   | Found a transporter.
 11338 | Lair:3   | Found a bloodstained altar of Trog.
 11340 | Lair:3   | Noticed MisterOstroum's ghost (journeyman GrEE)
 11373 | Lair:3   | Reached skill level 5 in Evocations
 11642 | Lair:3   | Got a transparent lapis lazuli ring
 11914 | Lair:3   | Reached skill level 12 in Unarmed Combat
 11918 | Lair:3   | Killed MisterOstroum's ghost
 11922 | Lair:3   | HP: 4/122 [spriggan berserker/the +8 rapier of Sunlight
                  | {freeze, +Blink Str+4} (5)]
 11922 | Lair:3   | Slain by a moth of wrath

Skill      XL: |  1  2  3  4  5  6  7  8  9 10 11 12 |
---------------+-------------------------------------+-----
Shields        | 3 4 5 6 8 9 |  9.0
Unarmed Combat | 3 4 6 7 9 10 11 12 | 12.1
Fighting       | 3 4 6 8 |  8.5
Dodging        | 3 |  3.0
Evocations     | 1 2 4 5 |  5.0
Armour         | 3 4 |  4.7

Action                   |  1- 3 |  4- 6 |  7- 9 | 10-12 || total
-------------------------+-------+-------+-------+-------++-------
Melee: Unarmed           |    94 |   134 |   418 |   424 ||  1070
       Morningstar       |       |       |       |    11 ||    11
Throw: Throwing net      |       |       |       |     1 ||     1
Evoke: Wand              |       |       |       |     3 ||     3
  Use: Potion            |       |       |     1 |       ||     1
       Scroll            |       |       |    16 |     1 ||    17
 Stab: Sleeping          |       |       |     1 |       ||     1
       Paralysed         |       |       |       |     3 ||     3
  Eat: Chunk             |    16 |    13 |    42 |    43 ||   114
Armor: Robe              |    51 |    25 |    92 |     9 ||   177
       Steam dragon scal |       |       |       |    97 ||    97
Dodge: Dodged            |    31 |    41 |   137 |   159 ||   368
Block: Shield            |    42 |    66 |   198 |   215 ||   521
